Map: Cerulean Fall LE

Players

IIIIIIIIIIII

  • Race: Protoss Protoss
  • League: Master
  • Spawn Location: 1:00

Lambo - Winner!

  • Race: Zerg Zerg
  • League: Grandmaster
  • Spawn Location: 7:00

VOD

Have the link to the VOD?

Description

Time

  • Played on: Jan. 10, 2019, 1:12 p.m.
  • Length: 8:59
Show
View Real Time Build Order
Export as new Build Order

IIIIIIIIIIII Protoss 

Build Orders: 1 Gate Expand, Oracle Opening, Archon Immortal 

Get SALT Encoding   

  12  0:00  Probe  
  13  0:13  Probe  
  14  0:20  Pylon  
  14  0:25  Probe  
  15  0:34  Probe  
  15  0:42  Probe  
  16  0:44  Gateway  
  17  0:52  Probe  
  17  0:53  Assimilator  
  18  1:04  Probe  
  19  1:16  Probe  
  20  1:27  Nexus  
  20  1:37  Cybernetics Core  
  20  1:40  Probe  
  20  1:45  Assimilator  
  21  1:52  Probe  
  22  1:55  Pylon  
  22  2:04  Probe, Adept  
  25  2:16  Probe  
  26  2:24  Stargate  
  26  2:28  Probe  
  27  2:31  Adept  
  27  2:32  Warp Gate  
  27  2:36  Probe x2  
  29  2:44  Probe x2  
  33  2:54  Probe  
  33  2:55  Probe  
  35  2:58  Oracle  
  35  3:06  Probe  
  35  3:07  Probe  
  40  3:14  Pylon  
  40  3:18  Probe  
  40  3:19  Probe  
  42  3:25  Oracle  
  42  3:30  Probe  
  42  3:31  Probe  
  44  3:35  Assimilator  
  44  3:37  Assimilator  
  47  3:42  Probe  
  47  3:43  Probe  
  47  3:45  Gateway  
  47  3:46  Gateway  
  47  3:48  Adept  
  51  3:53  Pylon  
  52  3:55  Probe x2  
  53  4:08  Probe  
  54  4:10  Phoenix  
  54  4:11  Probe  
  57  4:20  Robotics Facility  
  57  4:21  Twilight Council  
  57  4:22  Probe  
  57  4:23  Probe  
  59  4:27  Pylon  
  59  4:41  Adept  
  61  4:46  Adept x2  
  61  4:50  Nexus  
  65  4:54  Probe x2  
  65  4:59  Templar Archives  
  67  5:08  Warp Prism  
  67  5:10  Probe x2  
  67  5:11  Pylon  
  69  5:15  Pylon  
  63  5:22  Probe x2  
  65  5:34  Probe x2  
  64  5:39  Zealot x3  
  64  5:41  Shield Battery  
  67  5:46  Probe x2  
  67  5:47  Gateway  
  67  5:49  Forge  
  68  5:58  Probe x2  
  68  6:02  Adept x3  
  68  6:03  Probe  
  77  6:10  Probe x2  
  77  6:15  Probe  
  77  6:18  Charge  
  78  6:19  Observer  
  78  6:22  Probe x2  
  78  6:23  Assimilator  
  78  6:25  High Templar x2, Zealot, Assimilator  
  85  6:28  Probe  
  85  6:30  Protoss Ground Weapons Level 1, Archon  
  88  6:34  Robotics Facility  
  88  6:36  Pylon  
  88  6:39  Probe x2  
  90  6:40  Probe  
  90  6:44  Immortal  
  95  7:02  Gateway  
  95  7:04  Gateway  
  95  7:05  Gateway  
  95  7:07  Gateway  
  95  7:09  High Templar x3  
  101  7:15  Pylon  
  101  7:16  Pylon x3  
  101  7:19  Archon, Pylon  
  101  7:20  Pylon  
  101  7:32  Probe x2  
  101  7:33  Probe  
  101  7:41  High Templar x2  
  101  7:43  Sentry, High Templar  
  109  7:46  Observer  
  109  7:49  Immortal x2  
  117  7:52  Archon x2  
  117  7:55  Pylon  
  115  8:11  High Templar x2  
  119  8:12  Zealot x3  
  119  8:18  High Templar, Archon, Immortal  
  119  8:19  High Templar, Zealot  
  131  8:20  Immortal  
  131  8:24  Pylon  
  131  8:25  Archon, Pylon  
  139  8:40  Zealot x2  
  139  8:41  Zealot x2  
  128  8:50  Zealot x2  
  128  8:51  Zealot x2  
Show
View Real Time Build Order
Export as new Build Order

Lambo Zerg - Winner!

Build Orders: Hatch First 

Get SALT Encoding   

  12  0:01  Drone  
  13  0:13  Overlord  
  13  0:17  Drone  
  14  0:31  Drone x2  
  16  0:49  Hatchery  
  15  0:52  Drone  
  15  0:55  Drone  
  17  0:58  Drone  
  18  1:10  Extractor  
  17  1:15  Spawning Pool  
  17  1:18  Drone  
  17  1:22  Drone  
  18  1:29  Drone  
  19  1:42  Drone  
  20  1:55  Overlord  
  20  2:01  Queen x2  
  20  2:02  Zergling x4  
  26  2:10  Metabolic Boost  
  26  2:11  Drone  
  26  2:14  Drone  
  29  2:22  Drone  
  29  2:24  Drone  
  30  2:37  Hatchery  
  30  2:38  Drone  
  30  2:45  Drone x2  
  30  2:48  Overlord  
  32  2:55  Drone  
  32  2:57  Queen  
  35  3:00  Drone  
  36  3:07  Drone  
  36  3:12  Drone  
  37  3:13  Drone  
  37  3:14  Drone x4  
  37  3:19  Drone  
  43  3:26  Overlord  
  43  3:29  Spore Crawler  
  43  3:32  Spore Crawler  
  41  3:34  Drone x3  
  41  3:37  Spore Crawler  
  43  3:43  Queen  
  43  3:45  Extractor  
  43  3:46  Drone x2  
  47  3:49  Drone  
  47  3:53  Drone  
  47  3:54  Drone  
  52  3:55  Drone x2  
  52  4:01  Drone x2  
  54  4:05  Drone  
  54  4:06  Drone x2  
  54  4:08  Queen  
  54  4:09  Spore Crawler  
  58  4:16  Overlord  
  59  4:23  Roach Warren  
  58  4:24  Lair, Overlord  
  58  4:25  Extractor  
  58  4:27  Overlord, Extractor  
  58  4:29  Overlord  
  56  4:37  Drone x6  
  59  4:40  Drone  
  60  4:46  Zergling x2  
  60  4:50  Zergling x4  
  60  4:52  Zergling x12  
  69  4:58  Overlord  
  69  4:59  Drone x3  
  72  5:00  Evolution Chamber  
  72  5:03  Zergling x2  
  72  5:04  Drone  
  74  5:07  Overlord  
  74  5:11  Overlord  
  73  5:15  Drone  
  73  5:18  Drone  
  74  5:22  Drone  
  74  5:26  Drone x7  
  77  5:36  Drone x3  
  77  5:37  Overlord  
  77  5:40  Overlord  
  80  5:44  Overlord, Extractor  
  80  5:46  Extractor  
  80  5:47  Hydralisk Den  
  77  5:50  Extractor  
  77  5:51  Drone  
  77  5:52  Drone x2  
  79  5:58  Drone x6  
  79  5:59  Queen  
  79  6:03  Drone x2  
  89  6:06  Hatchery, Drone  
  89  6:09  Zerg Missile Weapons Level 1  
  87  6:11  Drone  
  87  6:16  Grooved Spines  
  87  6:18  Drone x4  
  92  6:20  Baneling Nest, Hydralisk  
  92  6:23  Hydralisk  
  95  6:27  Hydralisk x3  
  101  6:34  Hydralisk x3  
  101  6:37  Hydralisk  
  109  6:40  Overlord  
  109  6:41  Hydralisk  
  109  6:45  Overlord  
  111  6:47  Overlord  
  111  6:48  Hydralisk  
  111  6:51  Overlord  
  111  6:53  Overlord  
  113  6:58  Overlord  
  113  7:01  Hydralisk x2  
  113  7:03  Overlord  
  113  7:07  Baneling x2  
  116  7:09  Hydralisk x2  
  116  7:11  Centrifical Hooks  
  116  7:14  Hydralisk  
  122  7:18  Hydralisk  
  122  7:19  Hydralisk  
  126  7:26  Hydralisk  
  126  7:27  Muscular Augments, Hydralisk  
  126  7:28  Overseer  
  126  7:29  Hydralisk x2  
  130  7:30  Hydralisk  
  130  7:31  Zergling x2  
  130  7:35  Baneling x2  
  130  7:36  Zergling x2  
  130  7:37  Zergling x6  
  139  7:44  Zergling x16  
  148  7:48  Hydralisk x2  
  152  7:52  Hydralisk, Zergling x2  
  152  7:53  Zergling x6  
  158  8:00  Hydralisk  
  158  8:01  Zergling x4  
  158  8:02  Overlord  
  158  8:04  Hydralisk x2  
  166  8:06  Overlord  
  166  8:10  Overlord  
  166  8:11  Zergling x8  
  170  8:17  Zergling x8  
  170  8:19  Baneling x10  
  174  8:20  Baneling x2  
  174  8:21  Baneling x3  
  174  8:24  Baneling  
  174  8:26  Zergling x8  
  178  8:32  Zergling x12  
  184  8:36  Baneling x7  
  184  8:41  Zergling x12  
Tags
 
Add a new tag
Caveats
  • Supply blocks, unpowered buildings, or Contaminate may cause inaccurate times.
  • Supply counts are checked every 10 seconds.